AoeStats
← HawayTheLads700

Arena

503897544Analyzed
1v1 RM · 1mo ago on Sep 2, 2026· 43m 4s· 2 players
Game mode
Random Map
Map size
Tiny (2 player)
Population
200
Speed
Normal
Resources
Standard
Victory
Conquest
Starting age
Dark Age
Ending age
Imperial Age
RankedLock teamsTeams togetherTeam positionsShared explorationLock speedFull tech treeHidden civsTurbo modeCheats
Victory
Defeat
🇦🇷 Turks · Argentina
1086
+15
🇬🇧 Britons · United Kingdom
1061
-15
HawayTheLads700
11:53 Feudal Age
13:42 Double-Bit Axe
16:15 Castle Age
14:29 Horse Collar
15:40 Wheelbarrow
15:37 Loom
16:28 Wheelbarrow
17:30 Bow Saw
17:26 Heavy Plow
18:55 Hand Cart
25:36 Fletching
31:21 Imperial Age
30:07 Padded Archer Armor
30:55 Pikeman
31:37 Bodkin Arrow
32:28 Ballistics
34:07 Chemistry
33:42 Yeomen
33:45 Conscription
34:35 Leather Archer Armor
35:13 Bracer
35:34 Halberdier
36:17 Squires
36:44 Scale Mail Armor
36:46 Gold Mining
37:21 Warwolf
38:24 Ring Archer Armor
38:52 Hoardings
38:32 Fortified Wall
38:53 Scale Mail Armor
39:05 Forging
40:06 Chain Mail Armor
39:44 Arson
41:46 Iron Casting
42:19 Plate Mail Armor
G0Y0
11:37 Feudal Age
15:47 Castle Age
13:55 Horse Collar
15:25 Double-Bit Axe
27:09 Padded Archer Armor
28:41 Heavy Plow
29:21 Wheelbarrow
29:09 Bow Saw
34:43 Imperial Age
33:33 Hand Cart
33:04 Loom
33:42 Leather Archer Armor
35:20 Ballistics
34:45 Elite Janissary
35:46 Conscription
36:08 Ring Archer Armor
36:40 Gold Mining
36:42 Stone Mining
40:32 Artillery
Connection lost

Rejoining the realm…

Still unreachable

The connection could not be restored.

Session expired

The server has moved on; the page needs a fresh start.